 Dungeon Crawl Stone Soup version 0.20-a0-301-g264e157 (webtiles) character file.

973 Hercules the Slasher (level 8, -1/42 HPs)
             Began as a Vine Stalker Fighter on Dec 16, 2016.
             Killed by divine providence
             ... invoked by an orc priest
              (5 damage)
             ... on level 5 of the Dungeon.
             The game lasted 00:06:58 (3734 turns).

Hercules the Slasher (Vine Stalker Fighter)         Turns: 3734, Time: 00:06:59

Health: -1/42      AC:  6    Str: 21    XL:     8   Next: 16%
Magic:  0/9        EV:  7    Int:  8    God:
Gold:   181        SH: 16    Dex: 14    Spells: 7/7 levels left

rFire  . . .     SeeInvis +     a - +1 long sword
rCold  . . .     Gourm    .     b - +0 scale mail
rNeg   . . .     Faith    .     c - +0 shield
rPois  .         Spirit   +     (no helmet)
rElec  .         Reflect  +     (no cloak)
rCorr  .         Harm     .     (no gloves)
MR     ++...                    (no boots)
Stlth  +.........               h - +6 amulet of reflection
                                (no ring)
                                e - ring of protection from magic

@: about to teleport, very slightly contaminated, hasted, very quick
A: fangs 3, camouflage 1, see invisible, regeneration 1, magic shield, antimagic
bite, no device heal 3, rot immunity
a: no special abilities


You were on level 5 of the Dungeon.
You were not hungry.

You visited 1 branch of the dungeon, and saw 5 of its levels.

You collected 181 gold pieces.

Inventory:

Hand Weapons
 a - a +1 long sword (weapon)
Armour
 b - a +0 scale mail (worn)
 c - a +0 shield (worn)
Jewellery
 e - a ring of protection from magic (left hand)
 h - a +6 amulet of reflection (around neck)
Scrolls
 l - 3 scrolls of remove curse
 m - a scroll of amnesia
Potions
 d - 3 potions of might
 o - 4 potions of curing
 s - a potion of degeneration {unknown}
 t - a potion of flight
Comestibles
 f - 8 bread rations
 g - 2 slices of pizza
 i - 2 beef jerkies
 k - 2 meat rations
 n - a royal jelly
 p - 2 chunks of flesh


   Skills:
 + Level 3.7 Fighting
 + Level 7.6 Long Blades
 - Level 2.4 Armour
 + Level 3.9 Shields


You had 7 spell levels left.
You didn't know any spells.

Dungeon Overview and Level Annotations

Branches:
Dungeon (5/15)
 Temple: D:4-7

Altars:
Ashenzari
Dithmenos
Gozag
Trog
Vehumet
Zin


Innate Abilities, Weirdness & Mutations

You have razor-sharp teeth.
Your natural rate of healing is unusually fast.
When hurt, damage is shared between your health and your magic reserves.
Your bite disrupts and absorbs the magic of your enemies.
Potions and wands cannot restore your health.
You are immune to rotting.
Your skin changes colour to match your surroundings (Stealth+).
You have supernaturally acute eyesight. (SInv)


Message History

The orc priest invokes the aid of Beogh against you.
Beogh smites you!
* * * LOW HITPOINT WARNING * * *
Okay, then.
As you read the scroll of teleportation, it crumbles to dust.
You feel strangely unstable. You block the orc wizard's attack.
The orc priest begins to cast a cantrip, but forgets the words!
The orc priest looks satisfied for a moment.
As you read the scroll of fog, it crumbles to dust.
The scroll dissolves into smoke.
The orc wizard closely misses you.
You riposte.
You barely miss the orc wizard. You bite the orc wizard.
The orc wizard's magic leaks into the air.
You drain its magic.
You feel invigorated.
The orc wizard is moderately wounded.
The orc priest barely misses you.
You riposte.
You closely miss the orc priest.
Unknown command.
Unknown command.
The orc priest calls down the wrath of Beogh upon you.
Beogh smites you!
You die...

#.....................#
#.....................#
#.....................#
#.......................
#.....................##
######..........)..........#
#...............†..........#
#.(........................#
#..........§@§..............
#........§§§§§.............#
#.......§§o§§§.............#
#..[##..§o§§................
#...##..§o§§...............#
#...##..§§§§§..............#
#...##......§.........(....#
######........)............#
#.....................#


You could see an orc priest.

Vanquished Creatures
  Duvessa (D:4)
  3 ogres
  A sky beast (D:5)
  A phantom (D:3)
  A bullfrog (D:5)
  Dowan (D:4)
  2 howler monkeys
  2 hounds (D:5)
  A centaur skeleton (D:4)
  A worker ant (D:4)
  4 adders
  3 oozes
  4 dart slugs
  4 leopard geckos
  2 orcs
  7 bats
  4 giant cockroaches
  11 goblins
  5 hobgoblins
  2 jackals (D:2)
  2 quokkas
  3 frilled lizards
  7 kobolds
  A leopard gecko skeleton (D:4)
  A quokka skeleton (D:5)
  11 rats
85 creatures vanquished.

Notes
Turn   | Place    | Note
-------+----------+-------------------------------------------
     0 | D:1      | Hercules the Vine Stalker Fighter began the quest for the Orb.
     0 | D:1      | Reached XP level 1. HP: 11/11 MP: 2/2
    75 | D:1      | Reached skill level 2 in Long Blades
   205 | D:1      | Reached XP level 2. HP: 16/16 MP: 3/3
   617 | D:1      | Reached skill level 3 in Long Blades
   726 | D:1      | Reached XP level 3. HP: 19/19 MP: 4/4
  1621 | D:2      | Gained mutation: Your natural rate of healing is unusually fast. [Vine Stalker growth]
  1621 | D:2      | Reached XP level 4. HP: 22/23 MP: 5/5
  1782 | D:2      | Reached skill level 4 in Long Blades
  1787 | D:2      | Found a shadowy altar of Dithmenos.
  1978 | D:2      | Found a faded altar of an unknown god.
  2573 | D:3      | Found a glowing silver altar of Zin.
  2574 | D:3      | Found an opulent altar of Gozag.
  2583 | D:3      | Found a bloodstained altar of Trog.
  2585 | D:3      | Found a shattered altar of Ashenzari.
  2661 | D:3      | Noticed a phantom
  2680 | D:3      | Killed a phantom
  2680 | D:3      | Reached skill level 5 in Long Blades
  2680 | D:3      | Reached XP level 5. HP: 27/27 MP: 6/6
  2713 | D:3      | Found a radiant altar of Vehumet.
  3037 | D:4      | Reached XP level 6. HP: 25/32 MP: 5/7
  3092 | D:4      | Noticed Duvessa
  3096 | D:4      | Noticed Dowan
  3106 | D:4      | Killed Duvessa
  3106 | D:4      | Reached skill level 6 in Long Blades
  3116 | D:4      | Killed Dowan
  3116 | D:4      | Reached XP level 7. HP: 9/35 MP: 5/8
  3170 | D:4      | Reached skill level 7 in Long Blades
  3493 | D:5      | Entered Level 5 of the Dungeon
  3524 | D:5      | Gained mutation: Your skin changes colour to match your surroundings (Stealth+). [mutagenic meat]
  3525 | D:5      | Gained mutation: You have supernaturally acute eyesight. (SInv) [mutagenic meat]
  3715 | D:5      | Gained mutation: You have razor-sharp teeth. [Vine Stalker growth]
  3715 | D:5      | Reached XP level 8. HP: 31/40 MP: 9/9
  3729 | D:5      | HP: 2/42 [orc priest/divine providence (12)]
  3734 | D:5      | Killed from afar by an orc priest

Vault maps used:
D:1:      scummos_arrival_gate, minivault_25
D:2:      chequers_ecumenical_altar_simple, grunt_dithmenos_smoke
D:3:      vehumet_crystals, minitemple, first_bread
D:4:      corexii_leaking_fountain, uniq_duvessa
D:5:      serial_shops, kennysheep_little_box

Skill      XL: |  1  2  3  4  5  6  7 |
---------------+----------------------+-----
Long Blades    | 2 3 5 6 7 |  7.6
Shields        | 3 |  3.9
Fighting       | 3 |  3.7
Armour         | |  2.4

Action                   |  1- 3 |  4- 6 |  7- 9 || total
-------------------------+-------+-------+-------++-------
Melee: Long sword        |    93 |   106 |    74 ||   273
       Bite              |    25 |    39 |    23 ||    87
  Use: Potion            |     2 |     1 |     3 ||     6
       Scroll            |       |     3 |    10 ||    13
  Eat: Chunk             |     2 |     5 |     4 ||    11
Armor: Scale mail        |    43 |    41 |    30 ||   114
Dodge: Dodged            |    33 |    26 |    14 ||    73
Block: Shield            |    39 |    51 |    58 ||   148
       Reflection        |       |       |     1 ||     1
       Rpst.: Long sword |    10 |     9 |     5 ||    24
